 Dungeon Crawl Stone Soup version 0.30.1-9-gdf580d7c3d (webtiles) character file.

Game seed: 17851133633767383636

6346 Eitelfritz the Spear-Bearer (level 10, -6/79 HPs)
             Began as a Merfolk Gladiator on Oct 4, 2023.
             Was a Priest of Dithmenos.
             Mangled by Erolcha
             ... wielding a +0 giant club
              (15 damage)
             ... on level 9 of the Dungeon on Oct 13, 2023.
             The game lasted 00:26:04 (10976 turns).

Eitelfritz the Spear-Bearer (Merfolk Gladiator)    Turns: 10976, Time: 00:26:04

Health: -6/79      AC: 14    Str: 16    XL:     10   Next: 96%
Magic:  12/12      EV: 15    Int: 10    God:    Dithmenos [***...]
Gold:   383        SH:  0    Dex: 16    Spells: 10/11 levels left

rFire   . . .        a - +1 glaive
rCold   . . .        (shield currently unavailable)
rNeg    . . .        t - +0 ring mail
rPois   .            c - +2 helmet
rElec   .            E - scarf {shadows}
rCorr   .            o - +2 pair of gloves
SInv    .            f - +0 pair of boots
Will    .....        (no amulet)
Stlth   +            y - +4 ring of slaying
HPRegen 0.33/turn    (no ring)
MPRegen 0.13/turn

%: no passive effects
@: confused, wreathed by umbra
A: (nimble swimmer 2), mertail
a: Renounce Religion, Shadow Step


You were on level 9 of the Dungeon.
You worshipped Dithmenos.
Dithmenos was most pleased with you.
You visited 3 branches of the dungeon, and saw 12 of its levels.

You collected 443 gold pieces.
You spent 60 gold pieces at shops.

Inventory:

Hand Weapons
 a - a +1 glaive (weapon)
 b - a +0 shortbow
 w - a +1 trident
 B - a +0 halberd of protection
Missiles
 d - 4 throwing nets (quivered)
 e - 7 javelins
 s - 9 poisoned darts
Armour
 c - a +2 helmet (worn)
 f - a +0 pair of boots (worn)
 m - a scarf of invisibility
 o - a +2 pair of gloves (worn)
 t - a +0 ring mail (worn)
 E - a scarf of shadows (worn)
Jewellery
 y - a +4 ring of slaying (left hand)
 z - an amulet of the acrobat
Wands
 k - a wand of flame (19)
 u - a wand of quicksilver (4)
Scrolls
 i - a scroll of fog
 j - 3 scrolls of teleportation
 r - a scroll of magic mapping
 v - a scroll of torment {unknown}
 C - a scroll of enchant armour
 D - a scroll of identify
Potions
 g - 3 potions of curing
 h - a potion of magic
 l - 2 potions of cancellation
 n - 5 potions of lignification
 q - a potion of mutation
 x - a potion of invisibility
 A - a potion of haste {unknown}


   Skills:
 + Level 7.1 Fighting
 + Level 14.3 Polearms
 + Level 2.2 Throwing
 + Level 5.6 Armour
 + Level 8.2 Dodging
 + Level 4.1 Stealth
 + Level 1.3 Spellcasting
 + Level 2.0 Transmutations
 + Level 1.5 Poison Magic


You had 10 spell levels left.
You knew the following spells:

 Your Spells              Type           Power      Damage    Failure   Level
a - Sting                 Tmut/Pois      16%        1d3       28%         1

Your spell library contained the following spells:

 Spells                   Type           Power      Damage    Failure   Level
 Freeze                   Ice            0%         1d3       52%         1
 Necrotise                Necr           0%         1d4       52%         1
 Poisonous Vapours        Pois/Air       4%         N/A       54%         2
 Cigotuvi's Dreadful Rot  Necr/Pois/Air  2%         N/A       58%         2
 Frozen Ramparts          Ice            0%         1d1       87%         3
 Hailstorm                Conj/Ice       0%         3d3       87%         3
 Vampiric Draining        Necr           0%         2d6       87%         3
 Olgreb's Toxic Radiance  Pois           3%         N/A       97%         4
 Animate Dead             Necr           0%         N/A       99%         4
 Dispel Undead            Necr           0%         3d6       99%         4
 Agony                    Necr           0%         N/A       100%        5
 Borgnjor's Vile Clutch   Necr/Erth      0%         N/A       100%        5
 Death Channel            Necr           0%         N/A       100%        6


Dungeon Overview and Level Annotations

Branches:
Dungeon (10/15)            Temple (1/1) D:5            Lair (0/5) D:8
    Orc (1/2) D:9

Altars:
Ashenzari
Cheibriados
Dithmenos
Elyvilon
Fedhas
Gozag
Hepliaklqana
Kikubaaqudgha
Makhleb
Nemelex Xobeh
Okawaru
Qazlal
Ru
Sif Muna
Trog
Uskayaw
Vehumet
Wu Jian
Xom
Yredelemnul
Zin
The Shining One

Shops:
D:5 *

Annotations:
D:10 1 transporter, Peloso's ghost, journeyman MiFi; Sonja
Orc:1 Erolcha


Innate Abilities, Weirdness & Mutations

((You are very nimble when in or above water. (Stealth+, EV+, Speed+++)))
Your lower body shifts to a powerful aquatic tail in water.


Message History

You slice the orc priest!!
You kill the orc priest!
Dithmenos accepts your kill. The orc closely misses you.
The orc wizard casts a spell at you.
The magic dart hits you but does no damage.
You hit something but do no damage. Something hits you!
* * * LOW HITPOINT WARNING * * *
The orc hits you but does no damage.
The orc wizard hits you but does no damage.
A gnoll bouda comes into view. It is wielding a +0 whip.
The orc wizard hits you but does no damage.
There is a staircase back to the Dungeon, spattered with blood here.
Things that are here:
a +0 short sword; a +0 dagger The orc hits you with a +0 dagger.
* * * LOW HITPOINT WARNING * * *
The orc wizard gestures at you while chanting.
The puff of flame misses you.
You hear some strange, mumbled words.
Something tries to affect you, but you resist.
You climb upwards.
Welcome back to the Dungeon!
Reactivating autopickup.
There is a staircase to the Orcish Mines here.
Things that are here:
a +0 hand axe; an orc corpse You slice the orc!!
You kill the orc!
Dithmenos accepts your kill. The orc wizard casts a spell at you.
You are confused.
Something hits you.
* * * LOW HITPOINT WARNING * * *
Deactivating autopickup; reactivate with Ctrl-A.
The orc wizard casts a spell.
The orc wizard flickers and vanishes!
Something hits you.
* * * LOW HITPOINT WARNING * * *
Something hits you!
You die...

.....# #######'### #....<..
.....# #.........# #.......
.....# #.....<...# #####.......
.....####.........####...'.......
.....##.'.........+....###.......
.....'..#..............# ####'###
.....####..............# #>...
.....# ##.............# #####
###.## ###......@{.....## ##..#
#........>)......# ####### ....#
#.#.....{......[)###......
....####...............))).......
...<'....#.............####......
....######.............# #......
....# ##..........### #......
....# #..........# #...... ....#
#..........# #......


There were no monsters in sight!

Vanquished Creatures
  3 trolls
  Sigmund (D:4)
  2 shadows (D:9)
  A wyvern (D:10)
  A vampire (D:9)
  The ghost of bogdani the Trooper, an amateur HOFi (D:4)
  3 yaks (D:8)
  4 vampire mosquitoes (D:10)
  2 water moccasins
  2 sky beasts (D:7)
  4 orc warriors
  2 black bears
  2 centaurs
  A wolf (D:8)
  A kobold brigand (D:4)
  4 bullfrogs
  3 gnoll sergeants
  3 scorpions
  12 wights
  3 killer bees (D:8)
  2 electric eels (D:8)
  A howler monkey (D:4)
  A jelly (D:5)
  7 orc priests
  A centaur skeleton (D:4)
  5 hounds
  A bullfrog skeleton (D:4)
  2 sleepcaps
  6 iguanas
  7 orc wizards
  13 gnolls
  6 adders
  3 shadow imps
  2 ufetubi
  2 worms
  2 dart slugs
  34 orcs
  3 ball pythons
  A bat (D:1)
  5 endoplasms
  9 goblins
  8 hobgoblins
  2 quokkas (D:3)
  4 frilled lizards
  10 kobolds
  4 rats
196 creatures vanquished.

Notes
Turn   | Place    | Note
-------+----------+-------------------------------------------
     0 | D:1      | Eitelfritz the Merfolk Gladiator began the quest for the
                  | Orb.
     0 | D:1      | Reached XP level 1. HP: 16/16 MP: 1/1
   101 | D:1      | Reached XP level 2. HP: 22/22 MP: 2/2
   623 | D:2      | Reached XP level 3. HP: 27/27 MP: 3/3
   794 | D:2      | Reached skill level 1 in Stealth
   885 | D:2      | Reached skill level 5 in Polearms
  1110 | D:3      | Reached XP level 4. HP: 34/34 MP: 4/4
  1376 | D:3      | Identified the +3 war axe "Ydeqaixt" {vamp, rPois Str+3
                  | Int+3}
  1590 | D:3      | Found a faded altar of an unknown god.
  1733 | D:3      | Reached skill level 1 in Armour
  1733 | D:3      | Reached XP level 5. HP: 39/39 MP: 5/5
  1886 | D:4      | Reached skill level 6 in Polearms
  1899 | D:4      | Found a runed translucent gate.
  1900 | D:4      | Found a runed translucent gate.
  1902 | D:4      | Found a runed translucent gate.
  1905 | D:4      | Noticed bogdani's ghost (amateur HOFi)
  1971 | D:4      | Noticed Sigmund
  1982 | D:4      | Killed Sigmund
  1983 | D:4      | Reached skill level 7 in Polearms
  1983 | D:4      | Reached XP level 6. HP: 39/47 MP: 6/6
  2148 | D:4      | Reached skill level 5 in Dodging
  2364 | D:4      | Found a shadowy altar of Dithmenos.
  2607 | D:4      | Reached XP level 7. HP: 22/52 MP: 7/7
  3640 | D:4      | Became a worshipper of Dithmenos the Shadowed
  3673 | D:5      | Entered Level 5 of the Dungeon
  3718 | D:5      | Learned a level 1 spell: Sting
  3749 | D:5      | Reached skill level 8 in Polearms
  3889 | D:5      | Found a staircase to the Ecumenical Temple.
  3909 | Temple   | Entered the Ecumenical Temple
  4425 | D:5      | Found Wihoomat's General Store.
  4456 | D:5      | Bought a scroll of identify for 30 gold pieces
  4456 | D:5      | Bought a scroll of identify for 30 gold pieces
  4688 | D:5      | Reached XP level 8. HP: 50/60 MP: 6/8
  4874 | D:5      | Reached skill level 1 in Transmutations
  5030 | D:6      | Reached skill level 9 in Polearms
  5107 | D:6      | Reached skill level 1 in Poison Magic
  5400 | D:6      | Reached skill level 1 in Spellcasting
  5534 | D:6      | Reached * piety under Dithmenos
  6282 | D:6      | Reached skill level 10 in Polearms
  6350 | D:7      | Reached XP level 9. HP: 61/67 MP: 11/11
  6428 | D:7      | Reached skill level 5 in Fighting
  6668 | D:7      | Reached ** piety under Dithmenos
  6995 | D:7      | Reached skill level 11 in Polearms
  7107 | D:7      | Found an ornate altar of the Wu Jian Council.
  7424 | D:8      | Noticed a troll
  7449 | D:8      | Killed a troll
  7667 | D:8      | Found a staircase to the Lair.
  8173 | D:8      | Reached skill level 12 in Polearms
  8759 | D:8      | Reached XP level 10. HP: 68/76 MP: 12/12
  9267 | D:9      | Reached skill level 5 in Armour
  9306 | D:9      | Reached skill level 13 in Polearms
  9329 | D:9      | Found a staircase to the Orcish Mines.
  9783 | D:10     | Entered Level 10 of the Dungeon
  9795 | D:10     | Noticed Peloso's ghost (journeyman MiFi)
  9799 | D:10     | Found a transporter.
  9823 | D:10     | Reached *** piety under Dithmenos
 10182 | D:10     | Reached skill level 14 in Polearms
 10404 | D:10     | Noticed Sonja
 10543 | D:4      | Killed bogdani's ghost
 10854 | Orc:1    | Entered Level 1 of the Orcish Mines
 10856 | Orc:1    | Noticed Erolcha
 10976 | D:9      | Mangled by Erolcha

Illustrated notes

Levels and vault maps discovered:
D:1:      dpeg_arrival_more_subterranean_lakeside_camping, layout_rooms
D:2:      layout_loops_ring, serial_bayou_pond_e
D:3:      layout_basic, shapermc_ecumenical_altar_pompeii
D:4:      layout_layer_cave, nicolae_dithmenos_through_a_glass_darkly,
          gammafunk_ghost_necromancy, uniq_sigmund
D:5:      layout_basic, minmay_temple_entry_tees, serial_shops, shop
D:6:      corexii_shack_village, layout_loops_corners
D:7:      layout_rooms, mainiacjoe_overflow_24_doors
D:8:      layout_basic, erik_lair_island, corexii_corridor_pit,
          minmay_misc_feat_alley, serial_bayou_pond_a
D:9:      layout_roguey, david_orc_3
D:10:     layout_long_grid, gammafunk_ghost_stat_death, minmay_ruined_shrine,
          uniq_sonja
Temple:   mainiacjoe_temple_cubbyholes
Orc:1:    layout_diamond_mine, nicolae_orc_tapped_out, uniq_erolcha

Skill      XL: |  1  2  3  4  5  6  7  8  9 10 |
---------------+-------------------------------+-----
Stealth        | 1 2 3 4 |  4.1
Polearms       | 5 7 8 10 12 14 | 14.3
Armour         | 1 2 3 4 5 |  5.6
Fighting       | 3 4 6 7 |  7.1
Dodging        | 5 6 8 |  8.2
Transmutations | 2 |  2.0
Poison Magic   | 1 |  1.5
Spellcasting   | 1 |  1.3
Throwing       | |  2.2

Action                     |  1- 3 |  4- 6 |  7- 9 | 10-12 || total
---------------------------+-------+-------+-------+-------++-------
  Melee: Trident           |    67 |   148 |   131 |       ||   346
         Punch             |     2 |       |     2 |       ||     4
         Halberd           |       |       |   283 |   132 ||   415
         Tailslap          |       |       |     2 |       ||     2
         Glaive            |       |       |       |    80 ||    80
   Cast: Sting             |       |       |     5 |       ||     5
    Use: Scroll            |       |       |    17 |     3 ||    20
         Potion            |       |       |     4 |     1 ||     5
   Stab: Sleeping          |     2 |     3 |     4 |       ||     9
         Distracted        |     1 |       |       |       ||     1
 Armour: Leather armour    |    12 |    30 |       |       ||    42
         Ring mail         |       |     6 |   151 |   114 ||   271
  Dodge: Dodged            |    28 |    78 |   325 |   184 ||   615
